 Dungeon Crawl Stone Soup version 0.21.1-1-g345015fe64 (webtiles) character file.

11478 Slothtographer the Carver (level 11, -2/99 HPs)
             Began as a Tengu Gladiator on Mar 16, 2018.
             Was a Believer of Uskayaw.
             Killed by divine providence
             ... invoked by a meliai
              (12 damage)
             ... on level 12 of the Dungeon.
             The game lasted 00:32:33 (13303 turns).

Slothtographer the Carver (Tengu Gladiator)        Turns: 13303, Time: 00:32:35

Health: -2/99      AC:  9    Str: 29    XL:     11   Next: 78%
Magic:  13/16      EV: 17    Int:  9    God:    Uskayaw [**....]
Gold:   722        SH:  0    Dex: 16    Spells: 2/10 levels left

rFire    . . .     SeeInvis .   X - +2 falchion (flame)
rCold    . . .     Gourm    .   (no shield)
rNeg     . . .     Faith    .   Y - +0 ring mail (curse)
rPois    .         Spirit   .   c - +0 hat
rElec    .         Reflect  .   R - +2 cloak {MR+}
rCorr    .         Harm     +   (no gloves)
MR       +....                  (boots unavailable)
Stlth    ..........             E - amulet of harm
HPRegen  0.26/turn              s - +5 ring of strength
MPRegen  0.15/turn              y - +2 ring of strength

@: berserking, very quick
A: beak, talons 3, able to fly 1
a: Fly, Stomp, Line Pass, Renounce Religion


You were on level 12 of the Dungeon.
You worshipped Uskayaw.
Uskayaw was noncommittal.
You were hungry.

You visited 2 branches of the dungeon, and saw 13 of its levels.
You also visited: Sewer.

You collected 722 gold pieces.

Inventory:

Hand Weapons
 G - a +0 hand crossbow
 M - a +0 blowgun
 X - a +2 falchion of flaming (weapon)
Missiles
 d - 3 throwing nets (quivered)
 o - 18 tomahawks
 N - 25 poisoned needles
Armour
 c - a +0 hat (worn)
 m - a cursed -2 robe
 R - a +2 cloak of magic resistance (worn)
 Y - a cursed +0 ring mail (worn)
Jewellery
 s - a +5 ring of strength (left hand)
 y - a +2 ring of strength (right hand)
 E - an amulet of harm (around neck)
 H - an uncursed ring of fire
 S - an uncursed ring of ice {unknown}
 Z - an uncursed ring of wizardry {unknown}
Wands
 j - a wand of disintegration (19)
 x - a wand of clouds (15)
 T - a wand of flame (41)
 V - a wand of acid (6)
Scrolls
 k - a scroll of identify
 u - 2 scrolls of fog {unknown}
 w - 5 scrolls of teleportation
 B - 3 scrolls of immolation
 D - 10 scrolls of remove curse
 J - 2 scrolls of magic mapping
 Q - a scroll of fear {unknown}
Potions
 a - a potion of lignification {unknown}
 e - 2 potions of flight
 i - 5 potions of brilliance
 l - a potion of haste
 p - 8 potions of curing
 v - 2 potions of cancellation
 z - a potion of degeneration {unknown}
 L - a potion of mutation {unknown}
 P - 2 potions of might {unknown}
Books
 b - a book of Misfortune

   Spells                             Type                      Level
   a - Confusing Touch                Hexes                        1
   b - Confuse                        Hexes                        3
   c - Gell's Gravitas                Translocation                3
   d - Petrify                        Transmutation/Earth          4
   e - Metabolic Englaciation         Hexes/Ice                    5
   f - Yara's Violent Unravelling     Hexes/Transmutation          5
Comestibles
 f - 14 rations
 h - a chunk of flesh


   Skills:
 + Level 6.7 Fighting
 - Level 14.0 Long Blades
 - Level 2.0 Throwing
 + Level 7.0 Armour
 + Level 7.9 Dodging
 + Level 5.8 Invocations


You had 2 spell levels left.
You knew the following spells:

 Your Spells              Type           Power        Failure   Level  Hunger
a - Blink                 Tloc           N/A          63%         2    ###....
b - Shroud of Golubria    Chrm/Tloc      #.........   63%         2    ###....
c - Passage of Golubria   Tloc           N/A          99%         4    #####..


Dungeon Overview and Level Annotations

Branches:
Dungeon (12/15)            Temple (1/1) D:6            Lair (0/6) D:11
    Orc (0/2) D:11

Altars:
Ashenzari
Cheibriados
Dithmenos
Elyvilon
Fedhas
Gozag
Hepliaklqana
Kikubaaqudgha
Makhleb
Nemelex Xobeh
Okawaru
Qazlal
Ru
Trog
Uskayaw
Vehumet
Xom
Yredelemnul
Zin
The Shining One

Shops:
D:4 =*:[%   D:9 *

Annotations:
D:5 zxcv's ghost, novice HOFi


Innate Abilities, Weirdness & Mutations

You have a beak for a mouth.
You have claws for feet.
You can fly.


Message History

* * * LOW HITPOINT WARNING * * *
The meliai stings you.
* * * LOW HITPOINT WARNING * * *
The meliai barely misses you.
You riposte.
You hit the meliai but do no damage. Your kick misses the meliai.
You peck the meliai.
The meliai is heavily wounded.
The meliai misses you.
A red film seems to cover your vision as you go berserk!
You feel yourself moving faster!
You feel mighty! The meliai hits you with a hand axe.
* * * LOW HITPOINT WARNING * * *
The meliai barely misses you. The meliai closely misses you.
You riposte.
You slash the meliai! You burn the meliai.
You kill the meliai!
Your Armour skill increases to level 7!
The meliai closely misses you. The meliai stings you!
* * * LOW HITPOINT WARNING * * *
The meliai mumbles some strange prayers to its god against you.
Something smites you!
You die...

#...##...#
#...######
#....'...#
#...##...#
#...##...#
#........#
#........#
#...######
#)@y#
##y## ...
.....
......#
....:..#
........#
.........#


You could see 2 meliai.

Vanquished Creatures
  2 two-headed ogres (D:11)
  The ghost of maxonian the Chopper, a novice DsWn (D:8)
  Joseph (D:8)
  Maurice (D:8)
  A troll (D:11)
  Prince Ribbit (D:7)
  A meliai (D:12)
  A hippogriff (D:9)
  A vampire (D:12)
  5 yaks (D:11)
  A human (D:11)
  3 water moccasins
  2 porcupines
  2 orc warriors
  5 phantoms
  4 sky beasts
  3 ice beasts
  2 black bears
  A necrophage (D:10)
  3 ogres
  5 centaurs
  A crocodile (D:11)
  2 big kobolds
  7 bullfrogs
  Blork the orc (D:4)
  A wyvern zombie (D:7)
  6 scorpions
  18 killer bees
  18 wights
  9 howler monkeys
  2 bullfrog zombies
  A centaur zombie (D:7)
  5 crimson imps
  2 hounds
  2 jellies
  7 orc wizards
  3 orc priests
  8 iguanas
  Crazy Yiuf (D:6)
  9 worker ants
  A hound zombie (D:10)
  2 hound skeletons
  Robin (D:2)
  A howler monkey zombie (D:8)
  A worker ant zombie (D:11)
  A howler monkey skeleton (D:11)
  15 adders
  7 gnolls
  4 river rats (Sewer)
  2 shadow imps
  An ooze (Sewer)
  An adder zombie (D:6)
  An adder skeleton (D:9)
  5 worms
  3 dart slugs
  10 leopard geckos
  21 orcs
  4 giant cockroaches
  19 goblins
  9 hobgoblins
  11 jackals
  2 quokkas
  8 ball pythons
  10 bats
  7 frilled lizards
  38 kobolds
  A leopard gecko zombie (D:6)
  31 rats
366 creatures vanquished.

Vanquished Creatures (others)
  8 fungi (D:11)
  2 plants (D:11)
10 creatures vanquished.

Grand Total: 376 creatures vanquished

Notes
Turn   | Place    | Note
-------+----------+-------------------------------------------
     0 | D:1      | Slothtographer the Tengu Gladiator began the quest for the Orb.
     0 | D:1      | Reached XP level 1. HP: 12/12 MP: 2/2
    85 | D:1      | Reached XP level 2. HP: 6/17 MP: 3/3
   308 | D:1      | Reached skill level 4 in Long Blades
   686 | D:1      | Reached XP level 3. HP: 18/21 MP: 4/4
   951 | D:2      | Reached skill level 5 in Long Blades
  1542 | D:2      | Found a bloodstained altar of Trog.
  1565 | D:2      | Reached XP level 4. HP: 26/26 MP: 5/5
  1861 | D:2      | Found a faded altar of an unknown god.
  1916 | D:2      | Noticed Robin
  1945 | D:2      | Reached skill level 6 in Long Blades
  1949 | D:2      | Gained mutation: You can fly. [Tengu growth]
  1949 | D:2      | Reached XP level 5. HP: 4/30 MP: 6/6
  1956 | D:2      | Killed Robin
  2707 | D:3      | Reached skill level 7 in Long Blades
  3087 | D:3      | Found a shattered altar of Ashenzari.
  3243 | D:4      | Reached XP level 6. HP: 30/35 MP: 7/7
  3257 | D:4      | Found Iraap's Antique Armour Shop.
  3259 | D:4      | Found Pappamos's Book Emporium.
  3260 | D:4      | Found Esusoac's Food Shoppe.
  3388 | D:4      | Found a shadowy altar of Dithmenos.
  3403 | D:4      | Noticed a phantom
  3427 | D:4      | Found a snail-covered altar of Cheibriados.
  3439 | D:4      | Killed a phantom
  3495 | D:4      | Noticed Blork the orc
  3508 | D:4      | Killed Blork the orc
  3508 | D:4      | Reached skill level 8 in Long Blades
  3682 | D:4      | Found Muhyjou's Assorted Antiques.
  3745 | D:4      | Found Gutuam's Jewellery Shop.
  3796 | D:5      | Entered Level 5 of the Dungeon
  3832 | D:5      | Noticed zxcv's ghost (novice HOFi)
  3968 | D:5      | Reached XP level 7. HP: 25/40 MP: 8/8
  4236 | D:6      | Found an ancient bone altar of Kikubaaqudgha.
  4249 | D:6      | Reached skill level 9 in Long Blades
  4687 | D:6      | Reached skill level 10 in Long Blades
  4796 | D:6      | Found a runed door.
  4801 | D:6      | Noticed Crazy Yiuf
  4807 | D:6      | Killed Crazy Yiuf
  4807 | D:6      | Reached XP level 8. HP: 44/44 MP: 9/9
  4859 | D:6      | Found a glowing drain.
  4875 | Sewer    | Entered a sewer
  5536 | D:6      | Found a staircase to the Ecumenical Temple.
  5875 | Temple   | Entered the Ecumenical Temple
  5963 | Temple   | Became a worshipper of Uskayaw the Reveler
  6025 | D:6      | Reached * piety under Uskayaw
  6078 | D:6      | Reached skill level 11 in Long Blades
  6217 | D:7      | Reached ** piety under Uskayaw
  6218 | D:7      | Reached *** piety under Uskayaw
  6230 | D:7      | Reached **** piety under Uskayaw
  6236 | D:7      | Reached ***** piety under Uskayaw
  6246 | D:7      | Reached ****** piety under Uskayaw
  6340 | D:7      | Reached skill level 12 in Long Blades
  6346 | D:7      | Reached XP level 9. HP: 15/48 MP: 10/10
  6580 | D:7      | Found a hazy altar of Hepliaklqana.
  6806 | D:7      | Found a sacrificial altar of Ru.
  6952 | D:7      | Reached skill level 13 in Long Blades
  7265 | D:7      | Noticed Prince Ribbit
  7270 | D:7      | Killed Prince Ribbit
  8075 | D:7      | Reached skill level 14 in Long Blades
  8430 | D:8      | Reached skill level 1 in Armour
  8449 | D:8      | Reached skill level 1 in Invocations
  8561 | D:8      | Reached XP level 10. HP: 54/54 MP: 10/12
  8625 | D:8      | Noticed Maurice
  8652 | D:8      | Killed Maurice
  8657 | D:8      | Noticed maxonian's ghost (novice DsWn)
  8812 | D:8      | Noticed Joseph
  8830 | D:8      | Killed Joseph
  8840 | D:8      | Found a glowing golden altar of the Shining One.
  8916 | D:8      | Killed maxonian's ghost
  8916 | D:8      | Reached skill level 5 in Dodging
  9165 | D:9      | Learned a level 2 spell: Blink
  9168 | D:9      | Learned a level 2 spell: Shroud of Golubria
  9173 | D:9      | Learned a level 4 spell: Passage of Golubria
  9972 | D:9      | Found an opulent altar of Gozag.
  9999 | D:9      | Found Gozag's Platinum Reserve.
 10451 | D:10     | Entered Level 10 of the Dungeon
 11152 | D:10     | Reached skill level 5 in Fighting
 11326 | D:10     | Reached skill level 5 in Armour
 11443 | D:11     | Reached XP level 11. HP: 39/63 MP: 15/15
 11444 | D:11     | Found a staircase to the Orcish Mines.
 11627 | D:11     | Noticed a two-headed ogre
 11635 | D:11     | Killed a two-headed ogre
 11761 | D:11     | Found a staircase to the Lair.
 11766 | D:11     | Reached skill level 5 in Invocations
 12541 | D:11     | Noticed a two-headed ogre
 12547 | D:11     | Killed a two-headed ogre
 13303 | D:12     | Killed from afar by a meliai

Skill      XL: |  1  2  3  4  5  6  7  8  9 10 11 |
---------------+----------------------------------+-----
Long Blades    | 4 5 6 7 8 10 12 14 | 14.0
Armour         | 1 5 7 |  7.0
Invocations    | 1 4 5 |  5.8
Fighting       | 5 6 |  6.7
Dodging        | 6 7 |  7.9
Throwing       | |  2.0

Action                   |  1- 3 |  4- 6 |  7- 9 | 10-12 || total
-------------------------+-------+-------+-------+-------++-------
Melee: Long sword        |    82 |   132 |   303 |    92 ||   609
       Peck              |     9 |    23 |    67 |    97 ||   196
       Kick              |     9 |    42 |   128 |   131 ||   310
       Falchion          |       |       |       |   225 ||   225
Throw: Tomahawk          |     3 |     9 |     2 |     5 ||    19
       Throwing net      |     1 |     2 |     3 |     2 ||     8
Invok: Stomp             |       |       |     1 |     9 ||    10
 Abil: Fly               |       |     1 |     6 |     9 ||    16
  Use: Potion            |       |     3 |     4 |     9 ||    16
       Scroll            |       |     7 |     4 |     5 ||    16
 Stab: Sleeping          |     2 |     2 |     4 |     1 ||     9
       Held in net/web   |       |     1 |     1 |     2 ||     4
       Paralysed         |       |       |     5 |    15 ||    20
  Eat: Chunk             |     2 |     6 |     8 |     3 ||    19
       Ration            |       |     1 |     2 |     4 ||     7
Armor: Leather armour    |    18 |    17 |    20 |       ||    55
       Robe              |       |       |    25 |    14 ||    39
       Ring mail         |       |       |       |    46 ||    46
Dodge: Dodged            |    62 |    74 |   186 |   249 ||   571
       Rpst.: Long sword |    17 |    20 |    62 |    17 ||   116
       Falchion          |       |       |       |    49 ||    49
